 Dungeon Crawl Stone Soup version 0.30-a0-634-g8abc85282e (webtiles) character file.

Game seed: 10506411910095855920

760 Leeroy the Carver (level 7, 0/40 HPs)
             Began as a Tengu Warper on Jan 14, 2023.
             Was an Initiate of Wu Jian.
             Slain by a steam dragon (10 damage)
             ... on level 6 of the Dungeon.
             The game lasted 00:05:18 (4022 turns).

Leeroy the Carver (Tengu Warper)                    Turns: 4022, Time: 00:05:19

Health: 0/40       AC:  4    Str: 11    XL:     7   Next: 80%
Magic:  8/11       EV: 14    Int: 13    God:    Wu Jian [......]
Gold:   175        SH:  0    Dex: 16    Spells: 1/10 levels left

rFire   . . .      SeeInvis .    a - +0 falchion
rCold   . . .      Faith    .    (no shield)
rNeg    . . .      Spirit   .    b - +0 leather armour
rPois   .          Reflect  .    (helmet restricted)
rElec   .          Harm     .    (no cloak)
rCorr   .          Rampage  .    l - +0 pair of gloves
Will    .....                    (boots unavailable)
Stlth   +                        (no amulet)
HPRegen 0.26/turn                (no ring)
MPRegen 0.12/turn                (no ring)

@: flying quickly and evasively, very slightly contaminated, quick
A: beak, talons 3, nimble flight
a: Renounce Religion


You were on level 6 of the Dungeon.
You worshipped Wu Jian.
Wu Jian was noncommittal.
You visited 1 branch of the dungeon, and saw 6 of its levels.

You collected 175 gold pieces.

Inventory:

Hand Weapons
 a - a +0 falchion (weapon)
 u - the +2 whip of Niynefet {heavy, Int+4 Dex+7}
   (You found it on level 5 of the Dungeon)

   Int:       It affects your intelligence (+4).
   Dex:       It affects your dexterity (+7).
Missiles
 d - 7 boomerangs of dispersal
 m - 15 poisoned darts (quivered)
 p - 4 boomerangs
Armour
 b - a +0 leather armour (worn)
 l - a +0 pair of gloves (worn)
Magical Staves
 k - a staff of earth
Scrolls
 c - a scroll of blinking
 e - 3 scrolls of poison {unknown}
 f - a scroll of immolation {unknown}
 h - 2 scrolls of amnesia {unknown}
 j - 2 scrolls of teleportation {unknown}
 r - a scroll of magic mapping {unknown}
 x - a scroll of identify {unknown}
 y - a scroll of torment {unknown}
Potions
 g - 3 potions of curing {unknown}
 i - a potion of degeneration {unknown}
 n - 2 potions of might {unknown}
 o - 2 potions of brilliance {unknown}
 q - 3 potions of invisibility {unknown}
 s - a potion of mutation {unknown}
 t - a potion of heal wounds {unknown}
 v - a potion of lignification {unknown}
 w - 2 potions of ambrosia {unknown}
 z - a potion of haste {unknown}


   Skills:
 - Level 2.0 Fighting
 + Level 9.5 Long Blades
 - Level 1.0 Throwing
 - Level 1.1 Armour
 - Level 2.1 Dodging
 - Level 2.0 Spellcasting
 - Level 2.4 Translocations


You had one spell level left.
You knew the following spells:

 Your Spells              Type           Power      Damage    Failure   Level
a - Blink                 Tloc           14%        N/A       19%         2
b - Vhi's Electric Charg  Tloc/Air       8%         N/A       52%         3
c - Manifold Assault      Tloc           7%         N/A       77%         4

Your spell library contained the following spells:

 Spells                   Type           Power      Damage    Failure   Level
 Magic Dart               Conj           4%         1d3       32%         1
 Lesser Beckoning         Tloc           14%        N/A       36%         3
 Teleport Other           Tloc           7%         N/A       36%         3
 Searing Ray              Conj           2%         2d4       45%         2
 Dazzling Flash           Conj/Hex       2%         N/A       69%         3
 Iskenderun's Mystic Bla  Conj/Tloc      4%         2d3       90%         4
 Fulminant Prism          Conj/Hex       0%         3d5       97%         4
 Starburst                Conj/Fire      0%         6d3       100%        6


Dungeon Overview and Level Annotations

Branches:
Dungeon (6/15)             Temple (0/1) D:4

Altars:
Makhleb
Wu Jian
Yredelemnul

Shops:
D:4 [

Annotations:
D:4 2 transporters


Innate Abilities, Weirdness & Mutations

You have a beak for a mouth.
You have claws for feet.
Your magical nature lets you fly swiftly and evasively.


Message History

A steam dragon is nearby!
A steam dragon is nearby!
You hit the steam dragon but do no damage.
Your kick misses the steam dragon.
You hit the steam dragon but do no damage.
You claw the steam dragon!
The steam dragon is moderately wounded.
The steam dragon misses you. The steam dragon closely misses you.
You hit the steam dragon but do no damage.
You peck the steam dragon, but do no damage.
The steam dragon is moderately wounded.
The steam dragon breathes steam at you. The ball of steam hits you!!
You closely miss the steam dragon.
The steam dragon is moderately wounded.
You are engulfed in a cloud of scalding steam.
The steam dragon misses you. The steam dragon completely misses you.
Cast which spell? (? or * to list)
You blink.
The steam dragon breathes steam at you. The ball of steam hits you.
Casting: Blink (safe; 19% risk of failure)
Confirm with . or Enter, or press ? or * to list all spells.
Okay, then.
You lunge at the steam dragon.
You hit the steam dragon but do no damage.
Your kick misses the steam dragon. Your peck misses the steam dragon.
The steam dragon is moderately wounded.
The steam dragon misses you. The steam dragon barely misses you.
You feel stable enough to blink again. The steam dragon breathes steam at you.
The ball of steam hits you.
* * * LOW HITPOINT WARNING * * *
Okay, then.
Casting: Blink (safe; 19% risk of failure)
Confirm with . or Enter, or press ? or * to list all spells.
You miscast Blink.
You are very lightly contaminated with residual magic.
Nothing appears to happen.
The steam dragon bites you!
You die...

..........#
...>......#
..........#
#.......<..#
+..........#
#..........#
..........#
.......§§§#
####..§D@##
#...§§#
#.....#
#..§..#
#..§..#
#######


You could see a steam dragon (catching breath).

Vanquished Creatures
  Menkaure (D:4)
  An ice beast (D:5)
  An ogre (D:4)
  An orc priest (D:4)
  A hound (D:4)
  A scorpion zombie (D:4)
  4 iguanas
  3 orc wizards
  A hound zombie (D:4)
  Robin (D:2)
  2 gnolls (D:3)
  6 adders
  A shadow imp (D:5)
  An ufetubus (D:5)
  2 adder zombies (D:4)
  A worm (D:3)
  2 dart slugs
  4 orcs
  7 endoplasms
  9 goblins
  9 hobgoblins
  2 jackals (D:1)
  5 kobolds
  3 quokkas
  5 bats
  A frilled lizard (D:2)
  4 rats (D:2)
79 creatures vanquished.

Vanquished Creatures (others)
  A fungus (D:6)
1 creature vanquished.

Grand Total: 80 creatures vanquished

Notes
Turn   | Place    | Note
-------+----------+-------------------------------------------
     0 | D:1      | Leeroy the Tengu Warper began the quest for the Orb.
     0 | D:1      | Reached XP level 1. HP: 12/12 MP: 4/4
    67 | D:1      | Reached XP level 2. HP: 10/17 MP: 6/6
   106 | D:1      | Reached skill level 3 in Long Blades
   304 | D:1      | Reached XP level 3. HP: 21/21 MP: 7/7
   408 | D:2      | Noticed Robin
   410 | D:2      | Reached skill level 4 in Long Blades
   814 | D:2      | Killed Robin
   815 | D:2      | Reached XP level 4. HP: 18/26 MP: 8/8
  1516 | D:2      | Reached skill level 5 in Long Blades
  1725 | D:3      | Found an ornate altar of the Wu Jian Council.
  1740 | D:3      | Noticed a water moccasin
  1899 | D:3      | Became a worshipper of the Wu Jian Council
  2043 | D:4      | Found Aneqos's Armour Shop.
  2084 | D:4      | Gained mutation: Your magical nature lets you fly swiftly
                  | and evasively. [Tengu growth]
  2084 | D:4      | Reached XP level 5. HP: 24/30 MP: 9/9
  2175 | D:4      | Reached skill level 6 in Long Blades
  2264 | D:4      | Found a transporter.
  2265 | D:4      | Noticed a water moccasin
  2268 | D:4      | Found a transporter.
  2268 | D:4      | Noticed a kobold brigand
  2279 | D:4      | Found a staircase to the Ecumenical Temple.
  2400 | D:4      | Noticed an ogre
  2503 | D:4      | Killed an ogre
  2504 | D:4      | Reached skill level 7 in Long Blades
  2504 | D:4      | Reached XP level 6. HP: 35/35 MP: 10/10
  2659 | D:4      | Noticed Menkaure
  2669 | D:4      | Killed Menkaure
  2673 | D:4      | Learned a level 2 spell: Blink
  2677 | D:4      | Learned a level 3 spell: Vhi's Electric Charge
  2682 | D:4      | Learned a level 4 spell: Manifold Assault
  2754 | D:4      | Found a burning altar of Makhleb.
  2813 | D:4      | Found a basalt altar of Yredelemnul.
  2821 | D:4      | Reached skill level 8 in Long Blades
  2821 | D:4      | Reached XP level 7. HP: 31/40 MP: 11/11
  3161 | D:5      | Entered Level 5 of the Dungeon
  3519 | D:5      | Identified the +2 whip of Niynefet {heavy, Int+4 Dex+7}
  3565 | D:5      | Reached skill level 9 in Long Blades
  3679 | D:5      | Reached * piety under Wu Jian
  4009 | D:6      | Noticed a steam dragon
  4022 | D:6      | Slain by a steam dragon

Illustrated notes

Levels and vault maps discovered:
D:1:      nicolae_arrival_memento_mori, layout_rooms
D:2:      layout_loops_corners, uniq_robin
D:3:      layout_basic, nicolae_wu_jian_immortal_techniques, serial_rivers,
          chequers_serial_rivers_micro_a, chequers_serial_rivers_small_3,
          chequers_serial_rivers_micro_a, chequers_serial_rivers_micro_d,
          chequers_serial_rivers_large_b, st_stairs_11, uniq_crazy_yiuf_cottage,
          uniq_sigmund
D:4:      layout_basic, gammafunk_temple_overflow_arena,
          nicolae_yredelemnul_corpse_copse, minmay_temple_entry_steel_oval,
          serial_shops, kennysheep_mini, uniq_menkaure
D:5:      layout_basic, kennysheep_generic_room_9
D:6:      minmay_goblin_kobold_castle, layout_basic, minmay_gold_behind_fungi,
          uniq_pikel

Skill      XL: |  1  2  3  4  5  6  7 |
---------------+----------------------+-----
Long Blades    | 3 4 5 7 8 9 |  9.5
Fighting       | |  2.0
Throwing       | |  1.0
Armour         | |  1.1
Dodging        | |  2.1
Spellcasting   | |  2.0
Translocations | |  2.4

Action                   |  1- 3 |  4- 6 |  7- 9 || total
-------------------------+-------+-------+-------++-------
Melee: Falchion          |    66 |    91 |    71 ||   228
       Kick              |    13 |    22 |    24 ||    59
       Peck              |    10 |    12 |    14 ||    36
Throw: Dart              |       |     9 |       ||     9
 Cast: Blink             |       |       |     1 ||     1
Invok: Lunge             |       |     8 |     5 ||    13
  Use: Scroll            |       |     1 |       ||     1
 Stab: Distracted        |       |     1 |       ||     1
       Sleeping          |       |       |     1 ||     1
Armor: Leather armour    |    17 |    18 |     9 ||    44
Dodge: Dodged            |    42 |    48 |    31 ||   121

Table legend: (Time is in decaauts)
 A = Elapsed time spent in this place.
 B = Non-inter-level travel time spent in this place.
 C = Inter-level travel time spent in this place.
 D = Time resting spent in this place.
 E = Time spent auto-exploring this place.
 F = Levels seen in this place.
 G = Mean time per level.
                   A        B        C        D        E       F      G
               +--------+--------+--------+--------+--------+-----+--------+
         Total |   3897 |   3807 |     90 |    367 |   2686 |   6 |  649.5 |
       Dungeon |   3897 |   3807 |     90 |    367 |   2686 |   6 |  649.5 |
               +--------+--------+--------+--------+--------+-----+--------+

Top non-repeatable levels by time:
     D:4: 1141 daAuts
     D:2: 934 daAuts
     D:1: 788 daAuts
     D:5: 786 daAuts
     D:3: 235 daAuts
     D:6: 11 daAuts
